 Dungeon Crawl Stone Soup version 0.20.1-1-g8b1a95d (webtiles) character file.

53 dohliylev the Covert (level 3, -5/27 HPs)
             Began as a Vampire Assassin on Dec 5, 2017.
             Slain by Sigmund
             ... wielding a +0 scythe
              (12 damage)
             ... on level 2 of the Dungeon.
             The game lasted 00:02:19 (1165 turns).

dohliylev the Covert (Vampire Assassin)             Turns: 1165, Time: 00:02:19

Health: -5/27      AC:  4    Str: 10    XL:     3   Next: 64%
Magic:  3/3        EV: 12    Int: 13    God:
Gold:   115        SH:  0    Dex: 16    Spells: 2/2 levels left

rFire    . . .     SeeInvis +   a - +2 dagger
rCold    . . .     Gourm    .   (no shield)
rNeg     + . .     Faith    .   c - +0 robe
rPois    .         Spirit   .   p - +0 helmet
rElec    .         Reflect  .   d - +0 cloak
rCorr    .         Harm     .   (no gloves)
MR       .....                  (no boots)
Stlth    +++.......             (no amulet)
Regen    0.1/turn               i - ring of loudness (curse)
MPRegen  0.1/turn               (no ring)

@: no status effects
A: fangs 3, see invisible, unbreathing
a: Bat Form


You were on level 2 of the Dungeon.
You were not thirsty.

You visited 1 branch of the dungeon, and saw 2 of its levels.

You collected 115 gold pieces.

Inventory:

Hand Weapons
 a - a +2 dagger (weapon)
 b - a +0 blowgun
Missiles
 e - 8 poisoned needles
 f - 2 curare-tipped needles
Armour
 c - a +0 robe (worn)
 d - a +0 cloak (worn)
 p - a +0 helmet (worn)
Jewellery
 i - a cursed ring of loudness (left hand)
 s - an uncursed amulet of rage {unknown}
Scrolls
 h - 6 scrolls of identify {unknown}
 k - a scroll of enchant weapon {unknown}
 m - a scroll of remove curse {unknown}
 n - 3 scrolls of teleportation {unknown}
 q - a scroll of fog {unknown}
Potions
 g - a potion of blood
 j - a potion of curing {unknown}
 l - a potion of flight {unknown}
 o - a potion of agility {unknown}
 r - a potion of heal wounds {unknown}


   Skills:
 - Level 1.7 Fighting
 - Level 2.1 Short Blades
 - Level 1.5 Throwing
 - Level 1.1 Dodging
 + Level 8.1 Stealth


You had 2 spell levels left.
You didn't know any spells.

Dungeon Overview and Level Annotations

Branches:
Dungeon (2/15)

Altars:

Annotations:
D:2 Sigmund


Innate Abilities, Weirdness & Mutations

You have razor-sharp teeth.
You have supernaturally acute eyesight. (SInv)
You can survive without breathing.


Message History

You hit the kobold.
You kill the kobold!
The jackal barely misses you.
You hit the kobold.
The kobold is severely wounded.
The jackal misses you. The kobold barely misses you.
The jackal barely misses you.
You hit the kobold but do no damage.
The kobold is severely wounded.
Sigmund misses you. The kobold barely misses you. The jackal misses you.
You hit the kobold but do no damage.
The kobold is severely wounded.
The jackal closely misses you. The kobold hits you but does no damage.
Sigmund mumbles some strange words.
Sigmund flickers and vanishes for a moment.
You closely miss the kobold.
The kobold is severely wounded.
The jackal barely misses you. The kobold hits you but does no damage.
Sigmund hits you from afar with a scythe!
You die...

#########............#
#######.....## ####
##...## ....# #..##
.....##..# ......'..#
.....@Kg.# ....KKKh##
.....##@# ....# ###
#### #######
########## ##...).##
....#.... ##...<...##
(..###.# #.........#
.†.....# #.........#
.##...######.........#


You could see Sigmund (invisible), a jackal, a hobgoblin and 4 kobolds.

Vanquished Creatures
  2 adders (D:2)
  A worm (D:2)
  A leopard gecko (D:2)
  2 giant cockroaches
  5 hobgoblins
  6 jackals
  A quokka (D:2)
  2 bats (D:1)
  A frilled lizard (D:1)
  2 goblins
  5 kobolds
  A rat (D:1)
29 creatures vanquished.

Vanquished Creatures (others)
  6 toadstools (D:2)
6 creatures vanquished.

Grand Total: 35 creatures vanquished

Notes
Turn   | Place    | Note
-------+----------+-------------------------------------------
     0 | D:1      | dohliylev the Vampire Assassin began the quest for the Orb.
     0 | D:1      | Reached XP level 1. HP: 16/16 MP: 1/1
    21 | D:1      | Reached skill level 6 in Stealth
   195 | D:1      | Reached XP level 2. HP: 13/22 MP: 2/2
   863 | D:2      | Reached skill level 7 in Stealth
   896 | D:2      | Reached XP level 3. HP: 21/27 MP: 3/3
  1100 | D:2      | Reached skill level 8 in Stealth
  1157 | D:2      | Noticed Sigmund
  1165 | D:2      | Slain by Sigmund

Skill      XL: |  1  2  3 |
---------------+----------+-----
Stealth        | 6 7 8 |  8.1
Fighting       | |  1.7
Short Blades   | |  2.1
Throwing       | |  1.5
Dodging        | |  1.1

Action                   || total
-------------------------++-------
Melee: Dagger            ||    91
       Bite              ||    11
 Stab: Sleeping          ||     5
  Eat: Corpse            ||     4
Armor: Robe              ||    24
Dodge: Dodged            ||    78
